[ AOE2 MATCH · #507357590 ]
UnrankedPersians vs Spanish
Player's team · LOSS
Rival team · WIN
[ REPLAY ANALYSIS · EXTRACTED FROM THE RECORDED GAME ]
Feudal
8:02
Castle
20:11
Imperial
—
| APM avg | 28.2 |
| APM peak | 70 |
| eAPM avg | 18.3 |
| Villagers / military | 81 / 22 |
Focus
⚔️ 24.3% · 🌾 75.7%
Monk ×16 · Mangonel ×6
Feudal
9:13
Castle
14:46
Imperial
—
| APM avg | 59.6 |
| APM peak | 104 |
| eAPM avg | 25.8 |
| Villagers / military | 52 / 43 |
Focus
⚔️ 44.2% · 🌾 55.8%
Conquistador ×31 · Mangonel ×7 · Battering Ram ×5
Match map
Initial resources + every placement click. Lines = walls · curves = elevation contours. ◆ gold · ⬟ stone · ● berries · ✦ relic · ◌ wall gap
Your base· ✓ Closed at 20:11 · 35t walls · 4 gate(s)
CTM | Pentrus's base· ✓ Closed at 14:46 · 23t walls · 5 gate(s)
Smoothed initial terrain · ◌ = detected wall gap · hover for details
Inputs per minute
— jj1471 - - CTM | Pentrus
Build order — jj1471
First 150 of 202 actions detected
| 0:01 | Queue | Villager (Male) |
| 0:01 | Queue | Villager (Male) |
| 0:02 | Queue | Villager (Male) |
| 0:02 | Queue | Villager (Male) |
| 0:03 | Build | House |
| 0:04 | Build | House |
| 0:22 | Queue | Villager (Male) |
| 1:35 | Queue | Villager (Male) |
| 1:50 | Build | Lumber Camp |
| 2:14 | Queue | Villager (Male) |
| 2:14 | Queue | Villager (Male) |
| 2:51 | Queue | Villager (Male) |
| 3:15 | Build | House |
| 3:27 | Queue | Villager (Male) |
| 3:28 | Queue | Villager (Male) |
| 3:28 | Queue | Villager (Male) |
| 3:28 | Queue | Villager (Male) |
| 3:43 | Build | Mill |
| 4:07 | Queue | Villager (Male) |
| 4:33 | Queue | Villager (Male) |
| 4:35 | Research | Loom |
| 5:56 | Research | Feudal Age |
| 6:16 | Build | Mining Camp |
| 6:27 | Build | House |
| 7:02 | Queue | Villager (Male) |
| 7:07 | Build | House |
| 8:02 | Age | Feudal Age |
| 8:06 | Build | Watch Tower |
| 8:12 | Research | Double-Bit Axe |
| 8:14 | Queue | Villager (Male) |
| 8:30 | Queue | Villager (Male) |
| 8:53 | Build | Mill |
| 8:58 | Queue | Villager (Male) |
| 9:11 | Queue | Villager (Male) |
| 9:50 | Queue | Villager (Male) |
| 10:33 | Build | Watch Tower |
| 10:38 | Queue | Villager (Male) |
| 10:41 | Build | Farm |
| 10:42 | Build | Farm |
| 10:44 | Build | Farm |
| 10:58 | Build | House |
| 11:01 | Queue | Villager (Male) |
| 11:02 | Queue | Villager (Male) |
| 11:34 | Queue | Villager (Male) |
| 11:36 | Build | Farm |
| 11:56 | Queue | Villager (Male) |
| 11:58 | Build | Farm |
| 12:14 | Queue | Villager (Male) |
| 12:17 | Build | House |
| 12:35 | Queue | Villager (Male) |
| 12:45 | Queue | Villager (Male) |
| 13:08 | Build | Blacksmith |
| 13:10 | Queue | Villager (Male) |
| 13:27 | Queue | Villager (Male) |
| 13:59 | Build | Market |
| 14:01 | Build | Mining Camp |
| 14:02 | Queue | Villager (Male) |
| 14:14 | Research | Wheelbarrow |
| 14:37 | Build | Watch Tower |
| 14:44 | Queue | Villager (Male) |
| 15:14 | Queue | Villager (Male) |
| 15:26 | Build | Watch Tower |
| 15:31 | Build | Farm |
| 15:34 | Build | Farm |
| 15:37 | Build | Farm |
| 16:14 | Queue | Villager (Male) |
| 16:20 | Research | Fletching |
| 16:27 | Queue | Villager (Male) |
| 16:36 | Build | Farm |
| 16:38 | Build | Farm |
| 16:43 | Build | House |
| 16:47 | Build | House |
| 16:47 | Build | House |
| 16:48 | Build | House |
| 16:48 | Build | House |
| 16:48 | Build | House |
| 17:03 | Queue | Villager (Male) |
| 17:46 | Research | Castle Age |
| 17:56 | Build | Palisade Wall |
| 18:01 | Build | Palisade Wall |
| 18:03 | Build | Palisade Gate |
| 18:10 | Build | Palisade Wall |
| 18:15 | Build | Palisade Gate |
| 18:19 | Build | Palisade Wall |
| 18:26 | Build | House |
| 18:27 | Build | House |
| 18:47 | Queue | Villager (Male) |
| 19:04 | Research | Horse Collar |
| 19:18 | Build | Farm |
| 20:11 | Age | Castle Age |
| 20:20 | Build | Monastery |
| 20:26 | Queue | Villager (Male) |
| 20:35 | Build | Stone Wall |
| 20:42 | Build | Stone Wall |
| 20:44 | Queue | Monk |
| 20:45 | Queue | Villager (Male) |
| 20:54 | Research | Bow Saw |
| 20:55 | Queue | Villager (Male) |
| 20:57 | Build | Farm |
| 21:15 | Build | Siege Workshop |
| 21:21 | Queue | Monk |
| 21:36 | Queue | Villager (Male) |
| 21:53 | Queue | Villager (Male) |
| 21:54 | Queue | Mangonel |
| 22:10 | Queue | Villager (Male) |
| 22:22 | Queue | Villager (Male) |
| 22:24 | Build | Monastery |
| 22:34 | Queue | Villager (Male) |
| 22:39 | Queue | Villager (Male) |
| 22:49 | Queue | Villager (Male) |
| 22:56 | Queue | Mangonel |
| 22:57 | Queue | Villager (Male) |
| 23:01 | Build | Stone Wall |
| 23:18 | Queue | Villager (Male) |
| 23:21 | Queue | Monk |
| 23:24 | Queue | Villager (Male) |
| 23:26 | Build | Monastery |
| 23:35 | Build | Lumber Camp |
| 23:44 | Queue | Villager (Male) |
| 24:03 | Build | Stone Wall |
| 24:04 | Queue | Villager (Male) |
| 24:05 | Queue | Monk |
| 24:10 | Queue | Villager (Male) |
| 24:17 | Queue | Villager (Male) |
| 24:20 | Queue | Monk |
| 24:24 | Queue | Villager (Male) |
| 24:37 | Queue | Villager (Male) |
| 24:39 | Build | House |
| 24:39 | Build | House |
| 24:39 | Build | House |
| 24:39 | Build | House |
| 24:40 | Build | House |
| 24:40 | Build | House |
| 24:40 | Build | House |
| 24:40 | Build | House |
| 24:49 | Queue | Monk |
| 24:56 | Queue | Villager (Male) |
| 25:10 | Queue | Monk |
| 25:10 | Queue | Monk |
| 25:14 | Queue | Villager (Male) |
| 25:26 | Build | Stone Wall |
| 25:37 | Build | House |
| 25:38 | Build | House |
| 25:38 | Build | House |
| 25:38 | Build | House |
| 25:38 | Build | House |
| 25:45 | Build | House |
| 26:07 | Build | Mill |
| 26:07 | Build | Farm |
| 26:08 | Build | Farm |
Build order — CTM | Pentrus
First 150 of 156 actions detected
| 0:01 | Queue | Villager (Male) |
| 0:01 | Queue | Villager (Male) |
| 0:03 | Build | House |
| 0:04 | Build | House |
| 0:07 | Queue | Villager (Male) |
| 0:09 | Queue | Villager (Male) |
| 1:24 | Queue | Villager (Male) |
| 1:55 | Build | Lumber Camp |
| 1:58 | Queue | Villager (Male) |
| 1:58 | Queue | Villager (Male) |
| 2:05 | Build | Lumber Camp |
| 2:07 | Queue | Villager (Male) |
| 2:07 | Queue | Villager (Male) |
| 2:29 | Queue | Villager (Male) |
| 2:29 | Queue | Villager (Male) |
| 2:54 | Queue | Villager (Male) |
| 3:18 | Queue | Villager (Male) |
| 3:19 | Queue | Villager (Male) |
| 3:46 | Queue | Villager (Male) |
| 3:54 | Build | House |
| 3:58 | Build | House |
| 4:04 | Queue | Villager (Male) |
| 4:04 | Queue | Villager (Male) |
| 4:14 | Build | Palisade Gate |
| 4:17 | Build | Palisade Gate |
| 4:19 | Queue | Villager (Male) |
| 4:32 | Build | Palisade Gate |
| 4:35 | Queue | Villager (Male) |
| 4:40 | Build | Palisade Gate |
| 4:47 | Build | Palisade Wall |
| 4:48 | Build | Palisade Wall |
| 4:57 | Queue | Villager (Male) |
| 5:46 | Build | Mill |
| 6:01 | Research | Loom |
| 7:03 | Research | Feudal Age |
| 7:03 | Research | Feudal Age |
| 8:40 | Queue | Villager (Male) |
| 8:40 | Queue | Villager (Male) |
| 8:57 | Queue | Villager (Male) |
| 9:13 | Age | Feudal Age |
| 9:41 | Build | Mining Camp |
| 9:52 | Build | Stone Wall |
| 10:34 | Queue | Villager (Male) |
| 10:34 | Queue | Villager (Male) |
| 10:48 | Build | Mining Camp |
| 10:54 | Build | Market |
| 10:56 | Build | Blacksmith |
| 11:35 | Queue | Villager (Male) |
| 12:06 | Research | Castle Age |
| 12:06 | Research | Castle Age |
| 12:12 | Build | Stone Wall |
| 13:27 | Build | Palisade Wall |
| 13:31 | Build | Palisade Wall |
| 14:04 | Research | Double-Bit Axe |
| 14:04 | Research | Double-Bit Axe |
| 14:07 | Queue | Villager (Male) |
| 14:19 | Build | Palisade Wall |
| 14:23 | Build | Palisade Wall |
| 14:25 | Build | Palisade Wall |
| 14:26 | Build | Palisade Wall |
| 14:46 | Age | Castle Age |
| 14:50 | Queue | Villager (Male) |
| 15:05 | Build | House |
| 15:35 | Build | Palisade Wall |
| 15:39 | Build | Palisade Wall |
| 16:04 | Build | Castle |
| 16:16 | Build | Castle |
| 16:34 | Queue | Villager (Male) |
| 16:49 | Build | Farm |
| 16:50 | Build | Farm |
| 16:51 | Build | Farm |
| 17:18 | Queue | Villager (Male) |
| 17:28 | Build | Farm |
| 17:30 | Build | Farm |
| 17:36 | Queue | Villager (Male) |
| 17:52 | Queue | Conquistador |
| 17:52 | Queue | Conquistador |
| 18:05 | Queue | Villager (Male) |
| 18:21 | Queue | Conquistador |
| 18:22 | Queue | Conquistador |
| 18:22 | Queue | Conquistador |
| 18:43 | Queue | Conquistador |
| 18:43 | Queue | Conquistador |
| 19:06 | Build | Siege Workshop |
| 19:10 | Queue | Conquistador |
| 19:10 | Queue | Conquistador |
| 19:15 | Build | Farm |
| 19:24 | Queue | Villager (Male) |
| 19:27 | Build | Farm |
| 19:42 | Queue | Villager (Male) |
| 20:18 | Queue | Battering Ram |
| 20:18 | Queue | Battering Ram |
| 20:18 | Queue | Battering Ram |
| 20:22 | Build | House |
| 20:26 | Queue | Villager (Male) |
| 20:36 | Queue | Conquistador |
| 20:36 | Queue | Conquistador |
| 20:48 | Queue | Battering Ram |
| 20:49 | Queue | Battering Ram |
| 20:52 | Queue | Conquistador |
| 20:52 | Queue | Conquistador |
| 20:59 | Build | House |
| 21:07 | Queue | Villager (Male) |
| 21:31 | Build | Farm |
| 21:32 | Queue | Conquistador |
| 21:32 | Queue | Conquistador |
| 21:59 | Queue | Villager (Male) |
| 21:59 | Queue | Villager (Male) |
| 22:23 | Queue | Mangonel |
| 22:23 | Queue | Mangonel |
| 22:25 | Queue | Villager (Male) |
| 23:19 | Queue | Conquistador |
| 23:24 | Queue | Mangonel |
| 23:27 | Queue | Conquistador |
| 23:27 | Queue | Conquistador |
| 23:48 | Queue | Conquistador |
| 23:59 | Research | Padded Archer Armor |
| 23:59 | Queue | Villager (Male) |
| 24:23 | Queue | Villager (Male) |
| 24:25 | Build | Farm |
| 24:57 | Queue | Villager (Male) |
| 25:16 | Research | Leather Archer Armor |
| 25:16 | Research | Leather Archer Armor |
| 25:17 | Queue | Conquistador |
| 25:21 | Queue | Conquistador |
| 25:21 | Queue | Conquistador |
| 25:28 | Build | Farm |
| 25:54 | Queue | Conquistador |
| 25:58 | Queue | Villager (Male) |
| 26:13 | Queue | Mangonel |
| 26:14 | Queue | Mangonel |
| 26:14 | Queue | Mangonel |
| 27:03 | Queue | Villager (Male) |
| 27:08 | Build | Monastery |
| 27:09 | Queue | Conquistador |
| 27:09 | Queue | Conquistador |
| 27:37 | Build | House |
| 27:38 | Queue | Conquistador |
| 28:24 | Research | Devotion |
| 28:24 | Research | Devotion |
| 28:43 | Queue | Conquistador |
| 28:43 | Queue | Conquistador |
| 28:48 | Queue | Conquistador |
| 28:52 | Queue | Villager (Male) |
| 29:10 | Queue | Villager (Male) |
| 29:17 | Queue | Villager (Male) |
| 29:27 | Queue | Villager (Male) |
| 30:23 | Queue | Conquistador |
| 30:24 | Queue | Villager (Male) |
| 30:29 | Queue | Villager (Male) |
Match timeline
| 4:47 | CTM | Pentrus · wall_segment Palisade Wall x1 |
| 4:48 | CTM | Pentrus · wall_segment Palisade Wall x1 |
| 8:02 | jj1471 · age_up feudal |
| 9:13 | CTM | Pentrus · age_up feudal |
| 9:52 | CTM | Pentrus · wall_segment Stone Wall x1 |
| 11:57 | CTM | Pentrus · first_market_sell 100 wood |
| 11:58 | CTM | Pentrus · first_market_buy 100 food |
| 12:12 | CTM | Pentrus · wall_segment Stone Wall x1 |
| 13:27 | CTM | Pentrus · wall_segment Palisade Wall x8 |
| 13:31 | CTM | Pentrus · wall_segment Palisade Wall x7 |
| 14:19 | CTM | Pentrus · wall_segment Palisade Wall x1 |
| 14:23 | CTM | Pentrus · wall_segment Palisade Wall x1 |
| 14:25 | CTM | Pentrus · wall_segment Palisade Wall x1 |
| 14:26 | CTM | Pentrus · wall_segment Palisade Wall x1 |
| 14:46 | CTM | Pentrus · age_up castle |
| 15:35 | CTM | Pentrus · wall_segment Palisade Wall x1 |
| 15:39 | CTM | Pentrus · wall_segment Palisade Wall x1 |
| 16:04 | CTM | Pentrus · first_building Castle |
| 17:19 | jj1471 · first_market_sell 100 wood |
| 17:20 | jj1471 · first_market_buy 100 food |
| 17:56 | jj1471 · wall_segment Palisade Wall x15 |
| 18:01 | jj1471 · wall_segment Palisade Wall x10 |
| 18:10 | jj1471 · wall_segment Palisade Wall x9 |
| 18:19 | jj1471 · wall_segment Palisade Wall x1 |
| 19:06 | CTM | Pentrus · first_building Siege Workshop |
| 20:11 | jj1471 · age_up castle |
| 20:20 | jj1471 · first_building Monastery |
| 20:35 | jj1471 · wall_segment Stone Wall x12 |
| 20:42 | jj1471 · wall_segment Stone Wall x4 |
| 21:15 | jj1471 · first_building Siege Workshop |
| 23:01 | jj1471 · wall_segment Stone Wall x3 |
| 24:03 | jj1471 · wall_segment Stone Wall x5 |
| 25:26 | jj1471 · wall_segment Stone Wall x4 |
| 27:08 | CTM | Pentrus · first_building Monastery |
| 31:51 | jj1471 · resign |
[ AI ANALYSIS · 1 CREDIT ]
What really happened in this match?
Wolo.gg analyzes every decision: build order, eco, micro, common mistakes by bracket. Personalized analysis on WhatsApp or Discord in 30 seconds.
Civ guide
Persians
Perfil
Jugador #233339